 Dungeon Crawl Stone Soup version 0.27.1-3-gb3d3a73c9e (webtiles) character file.

Game seed: 332907307880420129

1 Atelerd the Digger (level 1, 4/11 HPs)
             Began as an Octopode Earth Elementalist on Oct 31, 2021.
             Got out of the dungeon alive.
             The game lasted 00:00:16 (60 turns).

Atelerd the Digger (Octopode Earth Elementalist)      Turns: 60, Time: 00:00:16

Health: 4/11       AC:  1    Str:  7    XL:     1   Next: 20%
Magic:  3/3        EV: 13    Int: 17    God:
Gold:   0          SH:  0    Dex: 12    Spells: 3/4 levels left

rFire    . . .     SeeInvis .   (no weapon)
rCold    . . .     Faith    .   (no shield)
rNeg     . . .     Spirit   .   (helmet restricted)
rPois    .         Reflect  .   (no amulet)
rElec    .         Harm     .   (no ring)
rCorr    .         Rampage  .   (no ring)
Will     .....                  (no ring)
Stlth    +++.......             (no ring)
HPRegen  0.03/turn              (no ring)
MPRegen  0.08/turn              (no ring)
                                (no ring)
                                (no ring)

@: no status effects
A: almost no armour, amphibious, 8 rings, camouflage 1, gelatinous body 1,
(nimble swimmer 1), tentacles
a: no special abilities


You escaped.
You visited 1 branch of the dungeon, and saw 1 of its levels.

Inventory:

Missiles
 b - 30 stones
Potions
 a - 2 potions of curing {unknown}


   Skills:
 - Level 2.0 Dodging
 - Level 2.6 Stealth
 + Level 2.0 Spellcasting
 + Level 1.0 Transmutations
 + Level 3.0 Earth Magic


You had 3 spell levels left.
You knew the following spells:

 Your Spells              Type           Power      Damage    Failure   Level
a - Sandblast             Erth           24%        2d8       5%          1

Your spell library contained the following spells:

 Spells                   Type           Power      Damage    Failure   Level
 Passwall                 Tmut/Erth      6%         N/A       13%         2
 Stone Arrow              Conj/Erth      12%        3d7       30%         3
 Petrify                  Tmut/Erth      8%         N/A       63%         4


Dungeon Overview and Level Annotations

Branches:
Dungeon (1/15)

Altars:


Innate Abilities, Weirdness & Mutations

You cannot wear most types of armour.
You are amphibious.
You can wear up to eight rings at the same time.
Your skin changes colour to match your surroundings (Stealth+).
Your rubbery body absorbs attacks. (AC +1, EV +1)
((You are camouflaged near water. (Stealth+)))
You have tentacles for arms and can constrict up to eight enemies at once.


Message History

You barely miss the bat. Your grab misses the bat.
The bat is moderately wounded.
The bat hits you.
You tentacle-slap the bat but do no damage.
Your grab misses the bat.
The bat is moderately wounded.
The bat hits you but does no damage.
A bat is nearby!
A bat is nearby!
The bat hits you but does no damage.
You tentacle-slap the bat. Your grab misses the bat.
The bat is heavily wounded.
The bat closely misses you.
A bat is nearby!
The bat hits you.
A bat is nearby!
The bat closely misses you. The bat hits you but does no damage.
A bat is nearby!
You miss the bat. Your grab misses the bat.
The bat is heavily wounded.
The bat misses you. The bat barely misses you.
A bat is nearby!
A bat is nearby!
A bat is nearby!
The bat completely misses you. The bat hits you.
A bat is nearby!
The bat completely misses you. The bat hits you. The bat hits you.
The bat barely misses you. The bat closely misses you.
The bat closely misses you.
You see here a +0 short sword.
There is a large open door here.
The bat barely misses you. The bat barely misses you.
There is a staircase leading out of the dungeon here.
Are you sure you want to leave the Dungeon?
This will make you lose the game! The bat hits you.
The bat hits you but does no damage.
You have escaped!

#. .# #.####.#
#...)..# #
##...########### .
#...#8≈≈≈≈≈§≈8#
.##.#.#.........#
...#.#.........#
#.#..#.'....8....#
# #..#.'....8...@#
#..#.#........b#
#..#.#.........#
#....#8§≈≈≈≈≈≈8#
#....###########
#...........
#.......#.#.
##..##### .....


You could see a bat.

Vanquished Creatures
  An endoplasm (D:1)
1 creature vanquished.

Notes
Turn   | Place    | Note
-------+----------+-------------------------------------------
     0 | D:1      | Atelerd the Octopode Earth Elementalist began the quest for
                  | the Orb.
     0 | D:1      | Reached XP level 1. HP: 11/11 MP: 3/3
    60 | D:$      | Got out of the dungeon alive.

Illustrated notes

Levels and vault maps discovered:
D:1:      lightli_arrival_noodles, layout_basic, kennysheep_another_room,
          chequers_serial_rivers_micro_c

Action                   || total
-------------------------++-------
Melee: Unarmed           ||     7
       Constrict         ||     1
       Tentacles         ||     1
 Stab: Sleeping          ||     1
Armor: Skin              ||     6
Dodge: Dodged            ||    12
